 Dungeon Crawl Stone Soup version 0.18.1-8-gdd0e5ea (webtiles) character file.

1766 zackfair2 the Basher (level 8, -1/109 HPs)
             Began as a Minotaur Berserker on May 28, 2016.
             Was a Priest of Trog.
             Slain by a jelly (2 damage)
             ... on level 6 of the Dungeon.
             The game lasted 00:42:47 (4729 turns).

zackfair2 the Basher (Minotaur Berserker)           Turns: 4729, Time: 00:42:48

Health: -1/109     AC: 10    Str: 28    XL:     8   Next: 80%
Magic:  7/7        EV: 11    Int:  9    God:    Trog [***...]
Gold:   103        SH:  0    Dex: 11    Spells: 0 memorised, 7 levels left

rFire  + + .     SeeInvis .     T - +7 whip of Immorality {holy, *Contam +Rage MR+ Int+5}
rCold  . . .     Gourm    .     o - +3 scale mail {rC+}
rNeg   . . .     Faith    .     (no shield)
rPois  .         Spirit   .     (helmet restricted)
rElec  .         Dismiss  .     (no cloak)
rCorr  .         Reflect  .     S - +0 pair of gloves
SustAt .         Harm     .     (no boots)
MR     +....                    v - amulet of magic regeneration (curse)
Stlth  ..........               z - ring of fire
                                E - ring of protection from fire

@: berserking, lethally poisoned (-1 -> -1), very quick, somewhat resistant to
hostile enchantments, extremely unstealthy
A: retaliatory headbutt, horns 2
a: Berserk, Trog's Hand, Burn Spellbooks, Renounce Religion, Evoke Berserk Rage


You were on level 6 of the Dungeon.
You worshipped Trog.
Trog was most pleased with you.
You were very hungry.

You visited 1 branch of the dungeon, and saw 6 of its levels.

You collected 139 gold pieces.
You spent 36 gold pieces at shops.

Inventory:

Hand Weapons
 a - a +0 spear
 i - a +4 dagger of freezing
 B - a +3 scythe of flaming
 L - a +0 dagger
 M - a +0 dagger
 O - a +0 short sword of venom
 R - a +0 whip
 T - the +7 whip of Immorality (weapon) {holy, *Contam +Rage MR+ Int+5}
   (You found it on level 4 of the Dungeon)

   It has been blessed by the Shining One to cause great damage to the undead
   and demons.
   It affects your intelligence (+5).
   It affects your resistance to hostile enchantments.
   It lets you go berserk.
   It causes magical contamination when unequipped.
Missiles
 g - 26 bolts
 h - 132 stones (quivered)
 j - 2 throwing nets
 Z - 12 sling bullets
Armour
 b - a +0 animal skin
 o - a +3 scale mail of cold resistance (worn)
 x - a +1 chain mail of positive energy
 S - a +0 pair of gloves (worn)
Jewellery
 v - a cursed amulet of magic regeneration (around neck)
 z - a ring of fire (right hand)
 E - a ring of protection from fire (left hand)
Scrolls
 d - a scroll of recharging {unknown}
 e - 4 scrolls of identify
 H - 2 scrolls of noise
 Q - a scroll of immolation
Potions
 f - 6 potions of curing
 n - 2 potions of haste
 A - 3 potions of mutation {unknown}
 J - a potion of lignification {unknown}
 P - a potion of might
 W - a potion of experience {unknown}
Miscellaneous
 D - a plain deck of wonders
Comestibles
 c - 3 bread rations
 X - a slice of pizza


   Skills:
 - Level 7.5 Fighting
 * Level 9.8 Maces & Flails
 - Level 7.5 Polearms
 - Level 2.5 Armour
 - Level 2.2 Dodging


You had 7 spell levels left.
You didn't know any spells.

Dungeon Overview and Level Annotations

Branches:
Dungeon (6/15)             Temple (0/1) D:4

Altars:
Dithmenos
Elyvilon
Fedhas
Makhleb
Nemelex Xobeh
Qazlal
Ru
Trog
Vehumet
Zin

Shops:
D:4 !   D:5 =

Portals:
Sewer: D:6

Annotations:
D:2 1 exclusion
D:6 Grinder


Innate Abilities, Weirdness & Mutations

You reflexively headbutt those who attack you in melee.
You have a pair of horns on your head.


Message History

* * * LOW HITPOINT WARNING * * *
You writhe in agony.
* * * LOW HITPOINT WARNING * * *
The jelly hits you.
* * * LOW HITPOINT WARNING * * *
You are splashed with acid!
The acid burns!
* * * LOW HITPOINT WARNING * * *
You are too injured to fight recklessly!
A red film seems to cover your vision as you go berserk!
You feel yourself moving faster!
You feel mighty!
You are feeling very hungry.
You feel sick. The orc warrior closely misses you.
The giant gecko barely misses you.
The worker ant bites you but does no damage.
Grinder hits you!
* * * LOW HITPOINT WARNING * * *
You writhe in agony.
* * * LOW HITPOINT WARNING * * *
The jelly hits you.
You die...

####### #......##
## ........## ...
.........# ....
.........#####..#
=......<........#
..........o....#
........oal5...#
........rJ@(...#
.......≈≈o≈≈..$#
.......≈≈∩≈≈..##
.......≈≈≈≈≈..#
........≈≈≈...#
..............#
.............#
......[....##


You could see Grinder, an orc warrior, a jelly, a worker ant, 2 orcs, a giant
gecko and a rat.

Vanquished Creatures
  The ghost of Denchik the Chopper, a novice MiBe of Trog (D:5)
  Sigmund (D:3)
  Menkaure (D:4)
  An ice beast (D:5)
  2 sky beasts (D:5)
  An orc warrior (D:5)
  A necrophage (D:3)
  An ogre (D:5)
  A centaur (D:5)
  A scorpion (D:5)
  A crimson imp (D:4)
  A centaur zombie (D:5)
  A centaur skeleton (D:5)
  2 orc wizards (D:4)
  An orc priest (D:5)
  A hound (D:4)
  Jessica (D:2)
  An iguana (D:4)
  2 worker ants
  4 gnolls (D:5)
  6 adders
  3 adder skeletons
  2 worms
  4 dart slugs
  2 giant geckos
  6 orcs
  11 giant cockroaches
  6 goblins
  3 hobgoblins
  3 jackals (D:2)
  3 kobolds
  2 quokkas (D:2)
  A ball python skeleton (D:4)
  7 bats
  A giant gecko skeleton (D:4)
  3 giant newts
  A quokka skeleton (D:4)
  9 rats
99 creatures vanquished.

Vanquished Creatures (others)
  A quokka (D:5)
1 creature vanquished.

Grand Total: 100 creatures vanquished

Notes
Turn   | Place    | Note
--------------------------------------------------------------
     0 | D:1      | zackfair2 the Minotaur Berserker began the quest for the Orb.
     0 | D:1      | Reached XP level 1. HP: 19/19 MP: 0/0
   373 | D:1      | Reached XP level 2. HP: 18/27 MP: 1/1
   858 | D:2      | Noticed Jessica
   862 | D:2      | Killed Jessica
   862 | D:2      | Reached XP level 3. HP: 33/34 MP: 2/2
  1110 | D:2      | Reached ** piety under Trog
  1485 | D:2      | Reached XP level 4. HP: 39/41 MP: 3/3
  1711 | D:3      | Reached skill level 5 in Fighting
  1779 | D:3      | Noticed Sigmund
  1781 | D:3      | Found a sparkling altar of Nemelex Xobeh.
  1791 | D:3      | Killed Sigmund
  1791 | D:3      | Reached XP level 5. HP: 24/50 MP: 4/4
  2099 | D:3      | Found a bloodstained altar of Trog.
  2121 | D:3      | Found a burning altar of Makhleb.
  2121 | D:3      | Found a blossoming altar of Fedhas.
  2121 | D:3      | Found a sparkling altar of Nemelex Xobeh.
  2121 | D:3      | Found a shadowy altar of Dithmenos.
  2123 | D:3      | Found a stormy altar of Qazlal.
  2128 | D:3      | Found a radiant altar of Vehumet.
  2259 | D:3      | Reached XP level 6. HP: 55/57 MP: 5/5
  2807 | D:4      | Found a staircase to the Ecumenical Temple.
  2825 | D:4      | Noticed Menkaure
  2831 | D:4      | Killed Menkaure
  2831 | D:4      | Reached XP level 7. HP: 56/66 MP: 6/6
  2877 | D:4      | Found a sacrificial altar of Ru.
  2894 | D:4      | Reached *** piety under Trog
  2981 | D:4      | Got a shimmering whip
  3006 | D:4      | Identified the +7 whip of Immorality {holy, *Contam +Rage MR+ Int+5} (You found it on level 4 of the Dungeon)
  3023 | D:4      | Reached skill level 1 in Maces & Flails
  3272 | D:4      | Found Ynoej's Distillery.
  3284 | D:4      | Bought a potion of curing for 36 gold pieces
  3315 | D:4      | Reached skill level 2 in Maces & Flails
  3416 | D:5      | Entered Level 5 of the Dungeon
  3493 | D:5      | Reached skill level 4 in Maces & Flails
  3546 | D:5      | Reached skill level 5 in Maces & Flails
  3557 | D:5      | Reached skill level 6 in Maces & Flails
  3557 | D:5      | Reached XP level 8. HP: 16/73 MP: 7/7
  4001 | D:5      | Found Fowiock's Jewellery Emporium.
  4075 | D:5      | Found a glowing silver altar of Zin.
  4119 | D:5      | Reached skill level 7 in Maces & Flails
  4125 | D:5      | Found a white marble altar of Elyvilon.
  4333 | D:5      | Noticed Denchik's ghost (novice MiBe)
  4339 | D:5      | Killed Denchik's ghost
  4339 | D:5      | Reached skill level 9 in Maces & Flails
  4714 | D:6      | Found a glowing drain.
  4718 | D:6      | Noticed Grinder
  4719 | D:6      | Paralysed by Grinder for 6 turns
  4729 | D:6      | HP: 3/109 [Grinder (7)]
  4729 | D:6      | HP: 1/109 [Grinder (2)]
  4729 | D:6      | Slain by a jelly

Skill      XL: |  1  2  3  4  5  6  7  8 |
---------------+-------------------------+-----
Polearms       | 4 6 7 |  7.5
Fighting       | 4 6 7 |  7.5
Maces & Flails | 6 9 |  9.8
Armour         | |  2.5
Dodging        | |  2.2

Action                   |  1- 3 |  4- 6 |  7- 9 || total
-------------------------+-------+-------+-------++-------
Melee: Spear             |    68 |    33 |       ||   101
       Headbutt          |    12 |     9 |    17 ||    38
       Scythe            |       |    39 |    18 ||    57
       Whip              |       |       |    93 ||    93
Invok: Berserk           |       |     1 |     3 ||     4
  Use: Scroll            |       |     2 |     5 ||     7
       Potion            |       |       |     6 ||     6
 Stab: Paralysed         |       |       |     1 ||     1
  Eat: Bread ration      |     1 |       |       ||     1
       Meat ration       |       |     1 |     1 ||     2
Armor: Animal skin       |     1 |       |       ||     1
       Scale mail        |    15 |       |    31 ||    46
       Chain mail        |    16 |    41 |    50 ||   107
Dodge: Dodged            |    51 |    40 |    55 ||   146
